 Dungeon Crawl Stone Soup version 0.26-a0-651-gb41185065b (webtiles) character file.

Game seed: 9713348507095155345

98569 Irenicus the Earth Mage (level 15, -1/120 HPs)
             Began as a Deep Dwarf Earth Elementalist on Oct 16, 2020.
             Was the Champion of Makhleb.
             Slain by a purple very ugly thing (23 damage)
             ... on level 2 of the Abyss.
             The game lasted 02:08:25 (11410 turns).

Irenicus the Earth Mage (DDEE)                     Turns: 11410, Time: 02:08:25

Health: -1/120     AC:  9    Str: 20    XL:     15   Next: 75%
Magic:  8/40 (31)  EV: 20    Int: 26    God:    Makhleb [******]
Gold:   471        SH:  6    Dex: 17    Spells: 13/38 levels left

rFire    + . .     SeeInvis .   w - +2 hunting sling of Utwurue {speed, Fragile rPois rF+ Str+4}
rCold    . . .     Faith    .   v - +1 buckler
rNeg     + . .     Spirit   .   s - +1 leather armour "Ijalug" {MP+9 Int-3 Dex+4}
rPois    +         Reflect  .   I - +0 helmet of Ralowko {Str+5}
rElec    .         Harm     .   (no cloak)
rCorr    .         Rampage  .   (no gloves)
MR       ++...                  (no boots)
Stlth    ++++......             L - amulet of magic regeneration
HPRegen  0.00/turn              l - +6 ring of intelligence
MPRegen  0.52/turn              K - +4 ring of protection

@: about to teleport, non-regenerating, slowed, very slow
A: damage resistance, heal wounds, negative energy resistance 1, sense
surroundings 2, no regeneration
a: Heal Wounds, Minor Destruction, Lesser Servant of Makhleb, Major Destruction,
Greater Servant of Makhleb, Renounce Religion


You were on level 2 of the Abyss.
You worshipped Makhleb.
Makhleb was exalted by your worship.
You visited 3 branches of the dungeon, and saw 18 of its levels.
You visited the Abyss 1 time.

You collected 2224 gold pieces.
You spent 1753 gold pieces at shops.

Inventory:

Hand Weapons
 f - a +0 dagger of speed
   (You found it on level 7 of the Dungeon)
 q - a +2 dagger of venom
   (You took it off an orc on level 7 of the Dungeon)
 w - the +2 hunting sling of Utwurue (weapon) {speed, Fragile rPois rF+ Str+4}
   (You found it on level 1 of the Elven Halls)

   Attacks with this weapon are significantly faster.
   It affects your strength (+4).
   It protects you from fire.
   It protects you from poison.
   It will be destroyed if unequipped.
 O - the +9 war axe of Foul Odors {flame, rElec}
   (You found it on level 12 of the Dungeon)

   It has been specially enchanted to burn those struck by it, causing extra
   injury to most foes and up to half again as much damage against particularly
   susceptible opponents.
   Big, fiery blades are also staple armaments of hydra-hunters.
   It insulates you from electricity.
Missiles
 b - 38 stones (quivered)
Armour
 k - a +0 helmet
   (You took it off Robin on level 4 of the Dungeon)
 s - the +1 leather armour "Ijalug" (worn) {MP+9 Int-3 Dex+4}
   (You found it on level 6 of the Dungeon)

   It affects your intelligence (-3).
   It affects your dexterity (+4).
   It affects your magic capacity (+9).
 v - a +1 buckler (worn)
   (You found it on level 6 of the Dungeon)
 B - +0 acid dragon scales
   (You took it off Maggie on level 9 of the Dungeon)
 F - the +0 helmet of Devotion {Dex+2}
   (You found it on level 9 of the Dungeon)

   It affects your dexterity (+2).
 I - the +0 helmet of Ralowko (worn) {Str+5}
   (You found it on level 11 of the Dungeon)

   It affects your strength (+5).
Magical Staves
 y - an uncursed staff of cold {rC+}
   (You found it on level 2 of the Elven Halls)
Jewellery
 d - an uncursed ring of resist corrosion
   (You found it on level 10 of the Dungeon)
 j - an uncursed ring of fire {rF+, rC-}
   (You found it on level 7 of the Dungeon)
 l - a +6 ring of intelligence (left hand)
   (You found it on level 5 of the Dungeon)
 m - an uncursed ring of positive energy {rN+}
   (You found it on level 10 of the Dungeon)
 u - an uncursed ring of stealth {Stlth+}
   (You found it on level 6 of the Dungeon)
 C - an uncursed ring of flight {+Fly, !d}
   (You found it on level 9 of the Dungeon)
 K - a +4 ring of protection (right hand)
   (You found it on level 2 of the Elven Halls)
 L - an amulet of magic regeneration (around neck)
   (You found it on level 12 of the Dungeon)
Wands
 r - a wand of enslavement (6)
   (You found it on level 3 of the Elven Halls)
 z - a wand of acid (8)
   (You found it on level 8 of the Dungeon)
 H - a wand of paralysis (13)
   (You found it on level 11 of the Dungeon)
 M - a wand of iceblast (5)
   (You found it on level 1 of the Elven Halls)
 N - a wand of disintegration (6)
   (You found it on level 2 of the Elven Halls)
Scrolls
 c - 5 scrolls of remove curse
 h - 4 scrolls of teleportation
 n - 3 scrolls of identify
 t - a scroll of fog
 x - a scroll of blinking {!r}
 A - a scroll of immolation {!r}
 D - a scroll of enchant armour
 G - a scroll of magic mapping {!r}
Potions
 a - a potion of haste
 e - 2 potions of heal wounds
 g - a potion of curing
 i - 4 potions of ambrosia
 o - 2 potions of lignification {!q}
 p - 4 potions of brilliance
 E - 2 potions of mutation {!q}
 J - a potion of cancellation
 P - a potion of invisibility


   Skills:
 - Level 4.0 Fighting
 - Level 5.1 Armour
 - Level 11.0 Dodging
 + Level 9.0 Stealth
 - Level 4.2 Shields
 - Level 12.0 Spellcasting
 + Level 14.1 Necromancy
 - Level 2.3 Translocations
 - Level 0.8 Transmutations
 - Level 19.0 Earth Magic
 - Level 4.2 Evocations


You had 13 spell levels left.
You knew the following spells:

 Your Spells              Type           Power        Failure   Level
a - Sandblast             Erth           ######       0%          1
b - Blink                 Tloc           N/A          2%          2
c - Petrify               Tmut/Erth      ######..     1%          4
d - Borgnjor's Vile Clut  Necr/Erth      #######...   1%          5
g - Apportation           Tloc           ####..       1%          1
r - Sublimation of Blood  Necr           ######....   1%          2
w - Passwall              Tmut/Erth      ######..     1%          2
x - Stone Arrow           Conj/Erth      ######       1%          3
z - Lee's Rapid Deconstr  Erth           #######...   1%          5

Your spell library contained the following spells:

 Spells                   Type           Power        Failure   Level
 Animate Skeleton         Necr           ######       0%          1
 Corpse Rot               Necr/Air       N/A          1%          2
 Leda's Liquefaction      Hex/Erth       ######....   1%          4
 Agony                    Necr           ######..     1%          5
 Sting                    Tmut/Pois      ###.         3%          1
 Corona                   Hex            ###....      4%          1
 Magic Dart               Conj           ###.         4%          1
 Summon Small Mammal      Summ           ###.         4%          1
 Call Imp                 Summ           ###.....     6%          2
 Poisonous Vapours        Pois/Air       ###...       6%          2
 Searing Ray              Conj           ###...       6%          2
 Slow                     Hex            ###.....     6%          2
 Portal Projectile        Hex/Tloc       ###...       9%          3
 Ignite Poison            Fire/Tmut/Pois ###.....     12%         3
 Call Canine Familiar     Summ           ###.....     13%         3
 Conjure Flame            Conj/Fire      ###.....     13%         3
 Dazzling Flash           Conj/Hex       ###...       13%         3
 Inner Flame              Hex/Fire       ###.....     13%         3
 Mephitic Cloud           Conj/Pois/Air  ###.....     13%         3
 Iskenderun's Mystic Bla  Conj/Tloc      ###.....     26%         4
 Cause Fear               Hex            ###.......   38%         4
 Fulminant Prism          Conj/Hex       ###.......   38%         4
 Olgreb's Toxic Radiance  Pois           ###.....     38%         4
 Fireball                 Conj/Fire      ###.......   75%         5
 Summon Mana Viper        Hex/Summ       ###.....     75%         5
 Lehudib's Crystal Spear  Conj/Erth      ######....   99%         8
 Shadow Creatures         Summ           N/A          100%        6
 Starburst                Conj/Fire      ###.......   100%        6
 Chain Lightning          Conj/Air       ###.......   100%        8
 Ignition                 Fire           ###.......   100%        8
 Absolute Zero            Ice            ###.......   100%        9
 Fire Storm               Conj/Fire      ###.......   100%        9


Dungeon Overview and Level Annotations

Branches:
Dungeon (13/15)            Temple (0/1) D:7            Lair (0/6) D:10
    Orc (2/2) D:12            Elf (3/3) Orc:2
 Vaults: D:13-14

Altars:
Ashenzari
Dithmenos
Elyvilon
Gozag
Hepliaklqana
Kikubaaqudgha
Makhleb
Okawaru
Sif Muna
Vehumet
Xom
The Shining One
Beogh

Shops:
D:5 *   D:10 :   D:11 (   D:12 *   Orc:2 (*[:   Elf:1 (

Portals:
Trove: D:13 (give +3 gold dragon scales)

Annotations:
D:10 book of earth @shop
D:11 exclusions: 3 doors and downstairs
D:12 nice book at shop better than earth
D:13 Trove : +3 gold dragon arm


Innate Abilities, Weirdness & Mutations

You are resistant to damage.
You can heal yourself by infusing magical energy.
You resist negative energy. (rN+)
You passively map the area around you.
You do not regenerate.


Message History

You now have 10/40 mp.
Something hits you!! Something drains your vigour!
You feel yourself slow down.
Deactivating autopickup; reactivate with Ctrl-A.
You take 18 damage, and have 102/120 hp.
Something hits you. Something drains your vigour!
You feel as though you will be slow longer.
Casting: Stone Arrow (safe; 1% risk of failure)
Confirm with . or Enter, or press ? or * to list all spells.
Press: ? - help, Dir - move target cursor A rock wall.
Okay, then.
Something hits you!
You take 10 damage, and have 92/120 hp.
Something hits you but does no damage. Something hits you.
A ynoxinul comes into view.
Casting: Passwall (safe; 1% risk of failure)
Confirm with . or Enter, or press ? or * to list all spells.
Press: ? - help, Dir - move target cursor A crystal wall.
That beam is likely to hit you.
Continue anyway?
Okay, then.
Okay, then.
Casting: Lee's Rapid Deconstruction (safe; 1% risk of failure)
Confirm with . or Enter, or press ? or * to list all spells.
Press: ? - help, Dir - move target cursor A crystal wall.
The crystal wall shatters!
The blast of crystal shards hits something!!
You hear a bellow!
You hear a chilling moan.
You hear a screech!
You hear a bellow!
Something closely misses you. Something hits you but does no damage.
You now have 10/40 mp.
Casting: Lee's Rapid Deconstruction (safe; 1% risk of failure)
Confirm with . or Enter, or press ? or * to list all spells.
You can't see any susceptible monsters within range! (Use Z to cast anyway.) Unknown command.
Casting: Lee's Rapid Deconstruction (safe; 1% risk of failure)
Confirm with . or Enter, or press ? or * to list all spells.
Press: ? - help, Shift-Dir - straight line The stone arrow hits something!
You feel your health improve. Something hits you!!
Something drains your vigour!
You feel as though you will be slow longer.
You take 21 damage, and have 71/120 hp.
You now have 8/40 mp.
Casting: Stone Arrow (safe; 1% risk of failure)
Confirm with . or Enter, or press ? or * to list all spells.
Press: ? - help, Shift-Dir - straight line Something hits you!
Something drains your vigour!
You feel as though you will be slow longer.
Something hits you!
The ynoxinul gestures.
You take 19 damage, and have 52/120 hp.
You now have 4/40 mp.
The ynoxinul gestures.
A quasit comes into view.
Something hits you!!
* * * LOW HITPOINT WARNING * * *
You take 17 damage, and have 35/120 hp.
Evoke which item? (* to show all) (? for menu, Esc to quit)
Okay, then.
Okay, then.
Okay, then.
Casting: Borgnjor's Vile Clutch (safe; 1% risk of failure)
Confirm with . or Enter, or press ? or * to list all spells.
Aiming: Borgnjor's Vile Clutch (safe; 1% risk of failure)
Press: ? - help, Shift-Dir - straight line, f - ynoxinul
Aim: a ynoxinul Zombie hands grab the ynoxinul.
The zombie hands constrict the ynoxinul!
You hear a chilling moan.
Something hits you.
The ynoxinul struggles to escape constriction.
You now have 1/40 mp.
You feel much better.
The zombie hands constrict the ynoxinul!
Something hits you but does no damage.
The ynoxinul struggles to escape constriction.
A purple very ugly thing comes into view.
Something hits you.
The ynoxinul struggles to escape constriction.
You regained 19 hp, and now have 54/120 hp.
As you read the scroll of teleportation, it crumbles to dust.
You feel strangely unstable.
You feel the power of the Abyss delaying your translocation!
The zombie hands constrict the ynoxinul!
You kill the ynoxinul!
Makhleb accepts your kill.
The ufetubus disappears in a puff of smoke! x2
Something hits you! Something drains your vigour!
You feel as though you will be slow longer.
You take 8 damage, and have 46/120 hp.
The purple very ugly thing gurgles horribly!
Something barely misses you. The purple very ugly thing gores you.
Something hits you!
* * * LOW HITPOINT WARNING * * *
You take 15 damage, and have 31/120 hp.
The purple very ugly thing gores you!
* * * LOW HITPOINT WARNING * * *
You take 9 damage, and have 22/120 hp.
The purple very ugly thing gores you!!
You die...

.. ..# .. .....#
#.........## #
..#......≈≈...# # .
###......... .#.# ..
#.#.....#.......# ...
# ..# #.##§#...
#..§##..#####.##..# .
#.............@##...#
. .#..#..##.#.#u....#
# .##.##.# ..#5####.#
#..#....##........#
##....#......#.#....
#.##.....#.....# ..
.. .#....##..#... #..
..##.#...#.##..# .. .
#.#. .### #...


You could see a purple very ugly thing and a quasit.

Vanquished Creatures
  A deep elf blademaster (Elf:2)
  Kirke (D:13)
  Aizul (Elf:2)
  An orc warlord (Orc:2)
  6 starcursed masses (Abyss:2)
  A deep elf demonologist (Elf:2)
  2 deep elf annihilators
  An eidolon (Abyss:2)
  A deep elf death mage (Elf:2)
  A deep elf high priest (Elf:1)
  A hydra (D:11)
  2 centaur warriors
  12 dancing weapons
  5 two-headed ogres
  2 orc high priests (Orc:2)
  2 thrashing horrors (Abyss:2)
  An ogre mage (Orc:1)
  Urug (Orc:2)
  12 deep elf knights
  A wretched star (Abyss:2)
  11 deep elf archers
  Pikel (D:7)
  A wolf spider zombie (D:12)
  4 ugly things
  4 orc knights
  6 orc sorcerers
  66 deep elf magi
  3 large abominations (Abyss:2)
  A manticore (D:12)
  Maggie (D:9)
  A centaur skeleton (D:12)
  A komodo dragon (D:13)
  A kobold demonologist (D:13)
  A tengu conjurer (D:13)
  An ancient zyme (Abyss:2)
  3 trolls
  A hornet (D:8)
  A raiju (Abyss:2)
  3 slime creatures (D:13)
  6 hippogriffs
  A flying skull (Abyss:2)
  3 air elementals
  2 ynoxinuls (Abyss:2)
  A vampire (D:12)
  2 water elementals (Elf:1)
  27 yaks
  2 wraiths
  6 fire elementals
  2 hogs (D:13)
  2 wargs (Orc:2)
  An acid dragon (D:10)
  A water moccasin (D:10)
  3 porcupines (D:10)
  34 orc warriors
  2 sky beasts
  2 ice beasts
  18 ogres
  3 phantoms
  3 necrophages
  15 centaurs
  A crocodile (D:11)
  8 bullfrogs
  3 big kobolds
  A gnoll sergeant (D:8)
  3 scorpions (D:10)
  A water moccasin skeleton (D:10)
  25 wights
  6 howler monkeys
  A quasit (D:9)
  5 small abominations (Abyss:2)
  A crimson imp (D:4)
  6 centaur zombies
  14 orc priests
  6 hounds
  A jelly (D:8)
  29 orc wizards
  A bullfrog skeleton (D:6)
  8 iguanas
  7 worker ants
  Robin (D:4)
  A worker ant zombie (D:6)
  7 gnolls
  7 adders
  A shadow imp (D:6)
  A white imp (D:8)
  2 oozes
  3 adder skeletons
  An adder zombie (D:9)
  6 dart slugs
  7 leopard geckos
  85 orcs
  12 giant cockroaches
  18 goblins
  15 hobgoblins
  7 jackals (D:9)
  2 quokkas
  8 bats
  4 frilled lizards
  18 kobolds
  A leopard gecko zombie (D:6)
  A quokka skeleton (D:7)
  A quokka zombie (D:9)
  10 rats
648 creatures vanquished.

Vanquished Creatures (others)
  A deep elf mage (Elf:2)
  3 orcs
  52 fungi (D:10)
  51 plants
107 creatures vanquished.

Grand Total: 755 creatures vanquished

Notes
Turn   | Place    | Note
-------+----------+-------------------------------------------
     0 | D:1      | Irenicus the Deep Dwarf Earth Elementalist began the quest
                  | for the Orb.
     0 | D:1      | Reached XP level 1. HP: 15/15 MP: 3/3
   175 | D:1      | Reached XP level 2. HP: 19/22 MP: 1/4
   223 | D:1      | Learned a level 2 spell: Passwall
   289 | D:1      | Reached skill level 5 in Earth Magic
   469 | D:2      | HP: 4/22 [dart slug/slug dart (4)]
   482 | D:2      | HP: 4/22 [goblin/+0 club (3)]
   485 | D:2      | Reached XP level 3. HP: 25/28 MP: 0/5
   596 | D:2      | Reached skill level 6 in Earth Magic
   744 | D:2      | Reached XP level 4. HP: 26/36 MP: 1/6
  1050 | D:3      | Found a glowing golden altar of the Shining One.
  1151 | D:3      | Reached skill level 7 in Earth Magic
  1546 | D:4      | Reached XP level 5. HP: 30/42 MP: 1/7
  1571 | D:4      | Found a burning altar of Makhleb.
  1574 | D:4      | Reached skill level 8 in Earth Magic
  1580 | D:4      | Became a worshipper of Makhleb the Destroyer
  1859 | D:4      | Noticed Robin
  1870 | D:4      | Reached XP level 6. HP: 32/49 MP: 0/8
  1876 | D:4      | Reached skill level 9 in Earth Magic
  1914 | D:4      | Killed Robin
  1936 | D:4      | Noticed a hippogriff
  1941 | D:4      | Killed a hippogriff
  1941 | D:4      | Reached skill level 10 in Earth Magic
  2047 | D:4      | Reached XP level 7. HP: 34/55 MP: 6/9
  2115 | D:5      | Entered Level 5 of the Dungeon
  2194 | D:4      | Found a radiant altar of Vehumet.
  2298 | D:5      | Found Dekhluang's General Store.
  2312 | D:5      | Bought a scroll of identify for 24 gold pieces
  2312 | D:5      | Bought 16 stones for 19 gold pieces
  2543 | D:6      | Learned a level 5 spell: Lee's Rapid Deconstruction
  2614 | D:6      | Reached skill level 2 in Spellcasting
  2658 | D:6      | Reached skill level 3 in Spellcasting
  2755 | D:6      | Identified the +1 leather armour "Ijalug" {MP+9 Int-3
                  | Dex+4} (You found it on level 6 of the Dungeon)
  2793 | D:6      | Reached * piety under Makhleb
  2794 | D:6      | Reached skill level 11 in Earth Magic
  2913 | D:6      | Found a shimmering blue altar of Sif Muna.
  2947 | D:6      | Reached XP level 8. HP: 42/62 MP: 13/13
  2970 | D:6      | Found an ancient bone altar of Kikubaaqudgha.
  3089 | D:6      | Reached skill level 12 in Earth Magic
  3230 | D:7      | Reached skill level 13 in Earth Magic
  3239 | D:7      | Reached skill level 4 in Spellcasting
  3246 | D:7      | Noticed Pikel
  3258 | D:7      | HP: 14/62 [Pikel/+0 whip of freezing (3)]
  3261 | D:7      | Killed Pikel
  3261 | D:7      | Reached skill level 6 in Spellcasting
  3261 | D:7      | Gained mutation: You passively map the area around you.
                  | [Deep Dwarf growth]
  3261 | D:7      | Reached XP level 9. HP: 32/68 MP: 0/18
  3346 | D:7      | Reached ** piety under Makhleb
  3368 | D:7      | Found a staircase to the Ecumenical Temple.
  3540 | D:7      | HP: 16/68 [gnoll/+1 halberd of freezing (9)]
  3683 | D:8      | Found a shimmering altar of Xom.
  3685 | D:8      | Reached skill level 7 in Spellcasting
  3780 | D:8      | Reached skill level 2 in Shields
  3798 | D:8      | Reached skill level 3 in Shields
  3821 | D:8      | Reached skill level 4 in Shields
  3844 | D:8      | Found a broken altar of Ashenzari.
  3845 | D:8      | Found a hazy altar of Hepliaklqana.
  3864 | D:8      | HP: 11/68 [hornet (10)]
  3867 | D:8      | Paralysed by a hornet for 3 turns
  3869 | D:8      | HP: 17/68 [hornet (6)]
  3870 | D:8      | Reached skill level 1 in Fighting
  3870 | D:8      | Reached skill level 1 in Armour
  3960 | D:8      | Reached skill level 3 in Dodging
  3969 | D:8      | Reached skill level 1 in Evocations
  3972 | D:8      | Reached skill level 2 in Armour
  3979 | D:8      | Reached *** piety under Makhleb
  4076 | D:9      | Noticed Maggie
  4086 | D:9      | Killed Maggie
  4086 | D:9      | Reached skill level 2 in Evocations
  4086 | D:9      | Reached XP level 10. HP: 23/78 MP: 20/20
  4103 | D:9      | Found a white marble altar of Elyvilon.
  4104 | D:9      | Found a shadowy altar of Dithmenos.
  4107 | D:9      | Found an iron altar of Okawaru.
  4169 | D:9      | HP: 16/78 [centaur (8)]
  4170 | D:9      | Reached skill level 4 in Dodging
  4170 | D:9      | Reached skill level 3 in Evocations
  4231 | D:9      | Reached skill level 3 in Stealth
  4373 | D:9      | Reached skill level 4 in Stealth
  4402 | D:9      | Reached skill level 5 in Dodging
  4540 | D:9      | Reached skill level 5 in Stealth
  4544 | D:9      | Reached skill level 6 in Dodging
  4611 | D:9      | Found an opulent altar of Gozag.
  4722 | D:9      | Got a fine helmet
  4733 | D:9      | Identified the cursed +0 helmet of Devotion {Dex+2} (You
                  | found it on level 9 of the Dungeon)
  4788 | D:10     | Entered Level 10 of the Dungeon
  4800 | D:10     | Noticed a catoblepas
  4838 | D:10     | Reached skill level 14 in Earth Magic
  4900 | D:10     | Learned a level 3 spell: Stone Arrow
  4909 | D:10     | Learned a level 4 spell: Petrify
  4922 | D:10     | Reached **** piety under Makhleb
  4950 | D:10     | Reached skill level 15 in Earth Magic
  4951 | D:10     | Irenicus: ?? crystal spear
  4951 | D:10     | beem: lehudib's crystal spear[1/1]: AKA: Crystal spear or
                  | the acronym LCS. Level 8 Conjurations/Earth spell, found
                  | only in Book of Annihilations, randart Sif gifts, and
                  | Vehumet offerings. 10d22.3 at max power, theoretically, and
                  | unresistable. The strongest single target conjuration, but
                  | its range is one square less than that of Iron Shot.
                  | To-hit: 10+power/15.
  4986 | D:10     | Reached XP level 11. HP: 79/84 MP: 0/21
  5008 | D:10     | Noticed a centaur warrior
  5157 | D:10     | Killed a centaur warrior
  5185 | D:10     | Noticed a two-headed ogre
  5210 | D:10     | Noticed a two-headed ogre
  5241 | D:10     | Killed a two-headed ogre
  5241 | D:10     | Reached skill level 8 in Spellcasting
  5284 | D:10     | Killed a two-headed ogre
  5353 | D:10     | Irenicus: ?? amulet of magic
  5353 | D:10     | beem: amulet of magic regeneration[1/1]: Increases magic
                  | regeneration by 0.25 per turn. Has a warm-up time so you
                  | can't swap to it in a pinch.
  5392 | D:10     | Found Setwit's Book Shop.
  5399 | D:10     | Bought a book of Cantrips for 280 gold pieces
  5401 | D:10     | Learned a level 1 spell: Apportation
  5410 | D:10     | Reached skill level 9 in Spellcasting
  5559 | D:10     | Found a staircase to the Lair.
  5757 | D:11     | Got a steaming helmet
  5769 | D:11     | Identified the +0 helmet of Ralowko {Str+5} (You found it
                  | on level 11 of the Dungeon)
  5780 | D:11     | Noticed a phantasmal warrior
  5781 | D:11     | Noticed a death knight
  5867 | D:11     | Noticed a five-headed hydra
  5867 | D:11     | Noticed a two-headed ogre
  5875 | D:11     | Killed a five-headed hydra
  5875 | D:11     | Reached skill level 6 in Stealth
  5877 | D:11     | Killed a two-headed ogre
  5904 | D:11     | Found Ywuff's Antique Weapon Emporium.
  6160 | D:12     | Reached skill level 7 in Stealth
  6165 | D:12     | Found Docekh's Blood Bar.
  6208 | D:12     | Noticed a two-headed ogre
  6220 | D:12     | Killed a two-headed ogre
  6220 | D:12     | Reached skill level 10 in Spellcasting
  6256 | D:12     | Reached skill level 8 in Stealth
  6282 | D:12     | Reached ***** piety under Makhleb
  6356 | D:12     | Reached XP level 12. HP: 92/92 MP: 11/26
  6370 | D:12     | magic reg : check
  6389 | D:12     | Noticed a two-headed ogre
  6394 | D:12     | Killed a two-headed ogre
  6394 | D:12     | Reached skill level 1 in Translocations
  6585 | D:12     | Found a staircase to the Orcish Mines.
  6599 | D:12     | Reached skill level 11 in Spellcasting
  6616 | D:12     | Got an iridescent war axe
  6618 | D:12     | Identified the +9 war axe of Foul Odors {flame, rElec} (You
                  | found it on level 12 of the Dungeon)
  6780 | D:13     | Reached skill level 16 in Earth Magic
  6785 | D:13     | strat : mine for gold and get awesome book
  6797 | D:13     | Found a portal to a secret trove of treasure.
  7048 | D:13     | Reached skill level 17 in Earth Magic
  7066 | D:13     | Got an iridescent dagger
  7069 | D:13     | Identified the +7 dagger of Hiuradin {protect, Fragile +Inv
                  | rC+} (You found it on level 13 of the Dungeon)
  7169 | D:13     | Noticed a centaur warrior
  7176 | D:13     | Killed a centaur warrior
  7176 | D:13     | Reached skill level 2 in Fighting
  7324 | D:13     | Noticed Kirke
  7329 | D:13     | Killed Kirke
  7329 | D:13     | Reached skill level 3 in Fighting
  7329 | D:13     | Reached skill level 7 in Dodging
  7538 | Orc:1    | Entered Level 1 of the Orcish Mines
  7582 | Orc:1    | Noticed an ogre mage
  7589 | Orc:1    | Killed an ogre mage
  7589 | Orc:1    | Reached skill level 2 in Translocations
  7589 | Orc:1    | Reached XP level 13. HP: 105/105 MP: 11/28
  7712 | Orc:1    | Reached skill level 4 in Fighting
  7791 | Orc:1    | Reached ****** piety under Makhleb
  7900 | Orc:1    | Reached skill level 8 in Dodging
  8064 | Orc:1    | Reached skill level 4 in Evocations
  8146 | Orc:2    | Entered Level 2 of the Orcish Mines
  8245 | D:12     | Bought the Incunabulum of Unholy Arts for 1241 gold pieces
  8251 | D:12     | Learned a level 5 spell: Borgnjor's Vile Clutch
  8254 | D:12     | Learned a level 2 spell: Sublimation of Blood
  8307 | Orc:2    | Reached skill level 1 in Necromancy
  8318 | Orc:2    | Reached skill level 3 in Armour
  8342 | Orc:2    | Reached skill level 2 in Necromancy
  8420 | Orc:2    | Noticed an orc warlord
  8430 | Orc:2    | Paralysed by an orc sorcerer for 6 turns
  8452 | Orc:2    | Found a staircase to the Elven Halls.
  8507 | Orc:2    | Reached skill level 4 in Armour
  8507 | Orc:2    | Reached skill level 3 in Necromancy
  8539 | Orc:2    | Killed an orc warlord
  8539 | Orc:2    | Reached skill level 4 in Necromancy
  8545 | Orc:2    | Reached skill level 5 in Armour
  8580 | Orc:2    | Noticed Urug
  8634 | Orc:2    | Reached skill level 5 in Necromancy
  8670 | Orc:2    | Found a roughly hewn altar of Beogh.
  8710 | Orc:2    | Killed Urug
  8710 | Orc:2    | Reached skill level 6 in Necromancy
  8756 | Orc:2    | Found Oriunod's Book Shop.
  8798 | Orc:2    | Reached skill level 7 in Necromancy
  8802 | Orc:2    | Found Aplorgh's General Store.
  8819 | Orc:2    | Found Ninnuak's Antique Weapon Shop.
  8835 | Orc:2    | Found Kieziac's Antique Armour Shop.
  8843 | Orc:2    | Bought a blackened ring mail for 189 gold pieces
  8843 | Orc:2    | Identified the cursed +0 ring mail of Impressiveness
                  | {Dex+4} (You bought it in a shop on level 2 of the Orcish
                  | Mines)
  9007 | Elf:1    | Entered Level 1 of the Elven Halls
  9021 | Elf:1    | Reached skill level 8 in Necromancy
  9178 | Elf:1    | Reached skill level 9 in Necromancy
  9267 | Elf:1    | Reached skill level 10 in Necromancy
  9267 | Elf:1    | Gained mutation: You resist negative energy. (rN+) [Deep
                  | Dwarf growth]
  9267 | Elf:1    | Reached XP level 14. HP: 93/114 MP: 1/29
  9357 | Elf:1    | Identified the Handbook of the Escort
  9393 | Elf:1    | Reached skill level 11 in Necromancy
  9460 | Elf:1    | Found Ywkal's Weapon Emporium.
  9486 | Elf:1    | Reached skill level 12 in Necromancy
  9693 | Elf:1    | Found a shimmering blue altar of Sif Muna.
  9713 | Elf:1    | Reached skill level 9 in Dodging
  9932 | Elf:1    | Irenicus: ?? agony
  9932 | Elf:1    | beem: agony[1/2]: L5 Necromancy spell. Checks MR (but with
                  | a substantial boost compared to other hexes) to halve the
                  | hitpoints of one enemy. Like torment, it never directly
                  | kills. Touch range. Doesn't work on creatures with rN. LOS
                  | range prior to 0.25.
  9935 | Elf:1    | Learned a level 2 spell: Blink
  9946 | Elf:1    | Identified the cursed +2 hunting sling of Utwurue {speed,
                  | Fragile rPois rF+ Str+4} (You found it on level 1 of the
                  | Elven Halls)
 10004 | Elf:1    | Reached skill level 10 in Dodging
 10163 | Elf:2    | Reached skill level 12 in Spellcasting
 10210 | Elf:2    | Noticed an Executioner
 10231 | Elf:2    | Irenicus: ?? elec
 10243 | Elf:2    | Irenicus: ?? electricity
 10290 | Elf:2    | beem: electrocution[1/1]: Weapon brand that causes your
                  | weapon to blast your target with an explosion of sparks on
                  | 1 out of every 3 hits, doing 7+1d13 additional damage
                  | (which ignores AC). Does not work on targets with rElec.
 10291 | Elf:2    | beem: electricity ~ electric ~ electrocution[1/1]: Weapon
                  | brand that causes your weapon to blast your target with an
                  | explosion of sparks on 1 out of every 3 hits, doing 7+1d13
                  | additional damage (which ignores AC). Does not work on
                  | targets with rElec.
 10293 | Elf:2    | Reached skill level 11 in Dodging
 10299 | Elf:2    | Found a runed translucent gate.
 10299 | Elf:2    | Found a runed translucent gate.
 10299 | Elf:2    | Found a runed translucent gate.
 10346 | Elf:2    | Noticed a deep elf blademaster
 10353 | Elf:2    | Noticed Aizul
 10380 | Elf:2    | Reached XP level 15. HP: 95/120 MP: 13/31
 10392 | Elf:2    | Killed a deep elf blademaster
 10400 | Elf:2    | HP: 23/120 [something/shard of ice (18)]
 10401 | Elf:2    | Killed Aizul
 10501 | Elf:2    | Reached skill level 18 in Earth Magic
 10539 | Elf:3    | Entered Level 3 of the Elven Halls
 10640 | Elf:3    | Reached skill level 13 in Necromancy
 10795 | Elf:3    | Found an ancient bone altar of Kikubaaqudgha.
 10929 | Elf:3    | HP: 26/120 [deep elf archer/arrow (13)]
 10998 | Elf:3    | Noticed a deep elf sorcerer
 10998 | Elf:3    | Noticed a deep elf sorcerer
 10999 | Elf:3    | Noticed a deep elf blademaster
 11002 | Elf:3    | Noticed a deep elf master archer
 11007 | Elf:3    | Cast into level 2 of the Abyss (a deep elf sorcerer)
 11056 | Abyss:2  | Reached skill level 19 in Earth Magic
 11162 | Abyss:2  | Noticed a tentacled starspawn
 11276 | Abyss:2  | Reached skill level 14 in Necromancy
 11385 | Abyss:2  | Reached skill level 9 in Stealth
 11407 | Abyss:2  | HP: 22/120 [purple very ugly thing (9)]
 11410 | Abyss:2  | Slain by a purple very ugly thing

Illustrated notes

###.⌠.###
#.....# * , #
##### #.....#
# #.....# , #
##'#### , #
#.### * #
#...### #
###(†)# *
###(# #### *
* #@# ** + *
...# *
.......(.# ,
, , ...+
.........#
**, * ...#*
+.........+,*
, ,, , * ...#
.........# *
...#
[........# ,
, ####
.........# *
** *
.........# #
+*


Turn 6370 on D:12: magic reg : check #.....###.., #......#.c * #.[......, , ,
#....... ,, , #.....(, , , , , #.....# * * , #.....# ,, , #...)†#, , ###.)@# ,
#(..# , , , #...# , * ,, #.(.# ,, , #...########+## #.............. ,
#.............. #.............. ######...##+####### Turn 6785 on D:13: strat :
mine for gold and get awesome book

Levels and vault maps discovered:
D:1:      dpeg_arrival_renting, layout_rooms, serial_bayou_lagoon_b
D:2:      layout_loops_ring, minmay_tromino_v4_a
D:3:      layout_basic, tso_oasis_becter
D:4:      lemuel_upstairs_altar, layout_layer_cave, makhleb_grotto_becter,
          due_unseen_surprise, uniq_robin
D:5:      layout_loops_ring, serial_shops, nicolae_shop_waterfront,
          corexii_item_surrounded_by_moat
D:6:      layout_loops_corners, grunt_temple_overflow_open, minivault_11,
          serial_bayou_pond_a, chequers_jeans, supply_closet_lemuel
D:7:      layout_basic, minmay_temple_entry_poolview, kennysheep_generic_room_5,
          uniq_pikel
D:8:      layout_gridville, lemuel_coloured_pillars_altar,
          gammafunk_temple_overflow_statue, hangedman_decor_clover_reticule
D:9:      layout_long_grid, lemuel_crystal_altar, minitemple,
          chequers_serial_rivers_small_3, uniq_maggie
D:10:     minmay_cornered_nines, layout_loops_ring, due_lair_maze_entry_diamond,
          serial_shops, shop
D:11:     layout_roguey, serial_shops, nicolae_shop_stone
D:12:     layout_roguey, orc_0_dummy, guppyfry_shop_blood
D:13:     layout_irregular_city, nicolae_trove_entry_diagonal, uniq_kirke
Orc:1:    cheibrodos_orc_bank, layout_diamond_mine, mines4_lemuel
Orc:2:    grunt_orc_cross, layout_caves
Elf:1:    elf_arrival_002, layout_loops_corners, serial_shops, shop,
          basic_altar, minmay_elf_demonology
Elf:2:    layout_geoelf_octagon, st_stairs_9, uniq_aizul
Elf:3:    grunt_elf_hall_branching, layout_geoelf_octagon, basic_altar,
          nicolae_elf_big_sculpture_3, drop_trap
Abyss:2:  base:
Lair:3

Skill      XL: |  1  2  3  4  5  6  7  8  9 10 11 12 13 14 15 |
---------------+----------------------------------------------+-----
Earth Magic    | 5 6 7 8 10 11 13 15 17 19 | 19.0
Spellcasting   | 3 6 7 10 11 12 | 12.0
Shields        | 4 |  4.2
Fighting       | 1 3 4 |  4.0
Armour         | 2 5 |  5.1
Dodging        | 3 6 7 8 11 | 11.0
Evocations     | 2 3 4 |  4.2
Stealth        | 5 8 9 |  9.0
Translocations | 2 |  2.3
Necromancy     | 10 12 14 | 14.1
Transmutations | |  0.8

Action                   |  1- 3 |  4- 6 |  7- 9 | 10-12 | 13-15 || total
-------------------------+-------+-------+-------+-------+-------++-------
Melee: Club              |    22 |     1 |       |       |       ||    23
       Trident           |       |    19 |       |       |       ||    19
       Dagger            |       |    16 |    23 |    74 |    49 ||   162
       War axe           |       |       |       |     6 |       ||     6
 Cast: Sandblast         |    45 |    51 |   119 |   170 |    80 ||   465
       Passwall          |     1 |    14 |    21 |    22 |    17 ||    75
       Lee's Rapid Decon |       |       |     8 |    42 |    41 ||    91
       Stone Arrow       |       |       |       |   116 |   153 ||   269
       Apportation       |       |       |       |    13 |    52 ||    65
       Petrify           |       |       |       |     4 |     6 ||    10
       Borgnjor's Vile C |       |       |       |       |   179 ||   179
       Sublimation of Bl |       |       |       |       |    13 ||    13
 Abil: Heal Wounds       |     1 |       |       |       |       ||     1
Evoke: Wand              |       |       |       |     4 |    15 ||    19
  Use: Scroll            |     5 |     2 |     5 |     8 |    16 ||    36
       Potion            |     2 |       |     3 |       |     5 ||    10
 Stab: Sleeping          |     1 |     1 |     1 |     6 |     6 ||    15
       Petrified         |       |       |       |     3 |     6 ||     9
       Petrifying        |       |       |       |     1 |       ||     1
       Paralysed         |       |       |       |       |     4 ||     4
Armor: Robe              |     7 |       |       |       |       ||     7
       Ring mail         |       |    20 |     1 |       |       ||    21
       Leather armour    |       |       |    10 |    26 |    22 ||    58
Dodge: Dodged            |    44 |    35 |    25 |   117 |   164 ||   385
Block: Buckler           |       |       |     5 |    52 |    35 ||    92

Table legend: (Time is in decaauts)
 A = Elapsed time spent in this place.
 B = Non-inter-level travel time spent in this place.
 C = Inter-level travel time spent in this place.
 D = Time resting spent in this place.
 E = Time spent auto-exploring this place.
 F = Levels seen in this place.
 G = Mean time per level.
                   A        B        C        D        E       F      G
               +--------+--------+--------+--------+--------+-----+--------+
         Total |  11446 |  11411 |     35 |      0 |      0 |  19 |  602.4 |
       Dungeon |   7652 |   7617 |     35 |      0 |      0 |  13 |  588.6 |
  Orcish Mines |   1385 |   1385 |      0 |      0 |      0 |   2 |  692.5 |
   Elven Halls |   1997 |   1997 |      0 |      0 |      0 |   3 |  665.7 |
         Abyss |    411 |    411 |      0 |      0 |      0 |   1 |  411.0 |
               +--------+--------+--------+--------+--------+-----+--------+

Top non-repeatable levels by time:
   Elf:1: 1022 daAuts
    D:10: 867 daAuts
    D:13: 763 daAuts
     D:9: 748 daAuts
   Orc:2: 747 daAuts
    D:12: 722 daAuts
     D:6: 679 daAuts
     D:4: 675 daAuts
   Orc:1: 637 daAuts
     D:3: 567 daAuts
   Elf:2: 542 daAuts
     D:2: 520 daAuts
    D:11: 486 daAuts
     D:7: 468 daAuts
   Elf:3: 432 daAuts

Table legend:
 A = Kills in this place as a percentage of kills in entire the game.
 B = Kills by you in this place as a percentage of kills by you in the entire game.
 C = Kills by friends in this place as a percentage of kills by friends in the entire game.
 D = Other kills in this place as a percentage of other kills in the entire game.
 E = Experience gained in this place as a percentage of experience gained in the entire game.
 F = Experience gained in this place divided by the number of levels of this place that you have seen.
                   A       B       C       D       E      F
               +-------+-------+-------+-------+-------+----------------------
         Total | 100.0 | 100.0 |   N/A | 100.0 | 100.0 | 7411.2
       Dungeon |  54.7 |  54.8 |   N/A |   0.0 |  26.0 | 2812.3
  Orcish Mines |  23.3 |  23.3 |   N/A |   0.0 |  13.5 | 9511.0
   Elven Halls |  18.5 |  18.4 |   N/A | 100.0 |  54.6 | 25632.0
         Abyss |   3.5 |   3.5 |   N/A |   0.0 |   5.9 | 8335.0
               +-------+-------+-------+-------+-------+----------------------
